 Dungeon Crawl Stone Soup version 0.19-a0-1902-g8424084 (webtiles) character file.

5317 Softman25 the Thaumaturge (level 10, -3/63 HPs)
             Began as a High Elf Conjurer on Oct 20, 2016.
             Was an Elder of Vehumet.
             Slain by a wolf (7 damage)
             ... led by Grum
             ... on level 8 of the Dungeon.
             The game lasted 00:51:27 (10851 turns).

Softman25 the Thaumaturge (High Elf Conjurer)      Turns: 10851, Time: 00:51:28

Health: -3/63      AC:  7    Str:  7    XL:     10   Next: 38%
Magic:  12/25      EV: 14    Int: 22    God:    Vehumet [****..]
Gold:   409        SH:  0    Dex: 17    Spells: 7 memorised, 11 levels left

rFire  + . .     SeeInvis .     i - +1 short sword
rCold  + . .     Gourm    .     a - +1 robe
rNeg   . . .     Faith    .     (no shield)
rPois  .         Spirit   .     (no helmet)
rElec  .         Reflect  .     p - +2 cloak
rCorr  .         Harm     .     (no gloves)
MR     +....                    D - +0 pair of boots
Stlth  ++........               j - amulet of Uskayaw's Supremacy {+Blink rC+ Regen+}
                                (no ring)
                                A - ring of protection from fire

@: no status effects
A: no striking features
a: Renounce Religion, Evoke Blink


You were on level 8 of the Dungeon.
You worshipped Vehumet.
Vehumet was greatly pleased with you.
You were not hungry.

You visited 2 branches of the dungeon, and saw 11 of its levels.
You also visited: Sewer.

You collected 409 gold pieces.

Inventory:

Hand Weapons
 i - a +1 short sword (weapon)
Missiles
 k - 6 tomahawks (quivered)
Armour
 a - a +1 robe (worn)
 p - a +2 cloak (worn)
 D - a +0 pair of boots (worn)
Jewellery
 j - the amulet of Uskayaw's Supremacy (around neck) {+Blink rC+ Regen+}
   (You found it on level 7 of the Dungeon)

   [amulet of regeneration]

   It protects you from cold.
   It lets you blink.
   It increases your rate of regeneration.
 A - a ring of protection from fire (left hand)
Wands
 l - a wand of teleportation (2/9)
 w - a wand of paralysis (19/24)
Scrolls
 e - 3 scrolls of magic mapping
 m - 3 scrolls of fog
 n - a scroll of enchant weapon
 r - 2 scrolls of remove curse {@r2}
 u - 2 scrolls of identify {@r1}
 y - a scroll of enchant armour
 B - a scroll of noise
Potions
 g - 2 potions of flight
 s - 2 potions of might
 t - a potion of cancellation
 v - 2 potions of curing {@q1}
 x - a potion of degeneration
Books
 b - a book of Conjurations

   Spells                             Type                      Level
   a - Magic Dart                     Conjuration                  1
   b - Searing Ray                    Conjuration                  2
   c - Dazzling Spray                 Conjuration/Hexes            3
   d - Fulminant Prism                Conjuration/Hexes            4
   e - Iskenderun's Mystic Blast      Conjuration                  4
   f - Iskenderun's Battlesphere      Conjuration/Charms           5
Comestibles
 c - 3 bread rations
 d - 3 slices of pizza
 h - 8 fruits


   Skills:
 - Level 3.2 Fighting
 - Level 4.2 Short Blades
 - Level 4.0 Dodging
 - Level 2.1 Stealth
 * Level 10.6 Spellcasting
 + Level 10.2 Conjurations
 - Level 5.0 Charms
 - Level 4.7 Ice Magic


You had 11 spell levels left.
You knew the following spells:

 Your Spells              Type           Power        Failure   Level  Hunger
a - Magic Dart            Conj           ####         1%          1    None
b - Searing Ray           Conj           ######       1%          2    None
c - Iskenderun's Mystic   Conj           ######..     1%          4    #......
d - Sting                 Conj/Pois      ####         1%          1    None
e - Throw Frost           Conj/Ice       #####.       1%          2    None
f - Iskenderun's Battles  Conj/Chrm      #####...     2%          5    ####...
g - Sticky Flame          Conj/Fire      ####....     2%          4    #......


Dungeon Overview and Level Annotations

Branches:
Dungeon (10/15)            Temple (1/1) D:5             Orc (0/2) D:9
   Lair: D:8-11

Altars:
Ashenzari
Cheibriados
Elyvilon
Fedhas
Gozag
Makhleb
Nemelex Xobeh
Okawaru
Ru
Sif Muna
Trog
Uskayaw
Vehumet
Xom
Zin

Shops:
D:4 *   D:9 [

Annotations:
D:5 Ultraviolent4's ghost, novice FoFi


Message History

The wolf misses you.
Casting: Searing Ray
Confirm with . or Enter, or press ? or * to list all spells.
You conjure a globe of magical energy.
The wolf bites you!
* * * LOW HITPOINT WARNING * * *
The wolf closely misses you.
Casting: Iskenderun's Battlesphere
Confirm with . or Enter, or press ? or * to list all spells.
Aiming: Magic Dart
Press: ? - help, Shift-Dir - straight line, f/p - wolf
Aim: a wolf (moderately wounded)
The magic dart hits the wolf.
The wolf is moderately wounded.
Your battlesphere fires!
The barrage of energy hits the wolf.
The wolf is heavily wounded.
The wolf bites you!
* * * LOW HITPOINT WARNING * * *
The wolf bites you!
You die...

.# ##......##.## #.## .#
#......##..# #.# .#
#......###.# ##.#
.####......# #)# #..#
.<..#......# #.# #.##
###.#......# #.## #)#
........#### #*.####.####
.####..### ##.h##.....## ##
##...# ##@##.##...# ###.###
#.#.......# ########...#
#.#..P.P..#
......####.#####.#..._..##
#####...............P.P.##
.##########......).......##
....>.......#.............#
#..(...<...(((............#
()(......######...........#


You could see a wolf and a friendly battlesphere.

Vanquished Creatures
  Pikel (D:7)
  Maurice (D:8)
  Prince Ribbit (D:8)
  2 hippogriffs
  Eustachio (D:6)
  Grum (D:8)
  4 wargs (D:9)
  Menkaure (D:6)
  Duvessa (D:7)
  A water moccasin (D:7)
  An orc warrior (D:7)
  3 black bears (D:9)
  2 sky beasts
  2 wolves
  An ogre (D:9)
  4 centaurs
  A big kobold (Sewer)
  2 bullfrogs
  A wyvern zombie (D:9)
  A scorpion (D:9)
  Dowan (D:7)
  The ghost of Ultraviolent4 the Shield-Bearer, a weakling FoFi (D:4)
  2 crimson imps
  A centaur zombie (D:6)
  3 jellies
  4 orc priests
  A hound (D:9)
  2 bullfrog skeletons (D:8)
  2 centaur skeletons
  3 iguanas
  12 orc wizards
  11 worker ants
  The ghost of Ultraviolent4 the Shield-Bearer, a weakling FoFi (D:3)
  A hound skeleton (D:8)
  A howler monkey zombie (D:3)
  A howler monkey skeleton (D:8)
  10 adders
  2 river rats (Sewer)
  2 shadow imps
  An ooze (D:2)
  An adder zombie (D:9)
  A worm (D:4)
  A dart slug (D:3)
  5 leopard geckos
  28 orcs
  A ball python (D:3)
  9 giant cockroaches
  7 goblins
  9 hobgoblins
  10 jackals
  13 kobolds
  9 bats
  11 frilled lizards
  A quokka skeleton (D:8)
  A quokka zombie (D:7)
  8 rats
209 creatures vanquished.

Vanquished Creatures (others)
  3 slaves (D:7)
  An ogre (D:7)
  A hound (D:7)
5 creatures vanquished.

Grand Total: 214 creatures vanquished

Notes
Turn   | Place    | Note
-------+----------+-------------------------------------------
     0 | D:1      | Softman25 the High Elf Conjurer began the quest for the Orb.
     0 | D:1      | Reached XP level 1. HP: 11/11 MP: 4/4
   113 | D:1      | Reached XP level 2. HP: 13/17 MP: 1/7
   528 | D:1      | Learned a level 2 spell: Searing Ray
   532 | D:2      | Found a glowing silver altar of Zin.
   541 | D:2      | Reached XP level 3. HP: 21/21 MP: 3/9
   885 | D:2      | Found a radiant altar of Vehumet.
   887 | D:2      | Found a shimmering altar of Xom.
   887 | D:2      | Found a shattered altar of Ashenzari.
   890 | D:2      | Became a worshipper of Vehumet
   975 | D:2      | Reached skill level 5 in Conjurations
  1052 | D:2      | Reached XP level 4. HP: 27/27 MP: 6/11
  1058 | D:2      | Learned a level 4 spell: Iskenderun's Mystic Blast
  1760 | D:3      | Found a faded altar of an unknown god.
  1770 | D:3      | Reached skill level 1 in Fighting
  1774 | D:3      | Reached * piety under Vehumet
  1774 | D:3      | Offered knowledge of Sting by Vehumet.
  1863 | D:3      | Learned a level 1 spell: Sting
  2011 | D:3      | Noticed Ultraviolent4's ghost (weakling FoFi)
  2070 | D:3      | Killed Ultraviolent4's ghost
  2337 | D:3      | Reached XP level 5. HP: 29/35 MP: 0/12
  2894 | D:4      | Found Awecsar's Assorted Antiques.
  3011 | D:4      | Noticed Ultraviolent4's ghost (weakling FoFi)
  3025 | D:4      | Reached skill level 1 in Short Blades
  3078 | D:4      | Killed Ultraviolent4's ghost
  3387 | D:4      | Reached XP level 6. HP: 42/42 MP: 0/13
  3637 | D:4      | Reached ** piety under Vehumet
  3637 | D:4      | Offered knowledge of Throw Frost by Vehumet.
  3883 | D:4      | Found a burning altar of Makhleb.
  3999 | D:5      | Entered Level 5 of the Dungeon
  4068 | D:5      | Found a glowing drain.
  4099 | Sewer    | Entered a sewer
  4379 | Sewer    | Found a white marble altar of Elyvilon.
  4507 | D:5      | Noticed a sky beast
  4699 | D:5      | Found a snail-covered altar of Cheibriados.
  4739 | D:5      | Noticed Ultraviolent4's ghost (novice FoFi)
  4977 | D:5      | Reached XP level 7. HP: 31/46 MP: 3/14
  5450 | D:5      | Learned a level 2 spell: Throw Frost
  5470 | D:5      | Reached skill level 5 in Spellcasting
  5598 | D:5      | HP: 2/46 [Ultraviolent4's ghost (12)]
  5657 | D:5      | Offered knowledge of Static Discharge by Vehumet.
  5657 | D:5      | Reached skill level 1 in Ice Magic
  5711 | D:5      | Learned a level 5 spell: Iskenderun's Battlesphere
  5784 | D:5      | Found a staircase to the Ecumenical Temple.
  5798 | Temple   | Entered the Ecumenical Temple
  5940 | D:6      | Noticed Menkaure
  5946 | D:6      | Killed Menkaure
  5946 | D:6      | Reached skill level 1 in Charms
  6290 | D:6      | Noticed Eustachio
  6462 | D:6      | Learned a level 5 spell: Iskenderun's Battlesphere
  6474 | D:6      | Reached XP level 8. HP: 52/52 MP: 9/16
  6690 | D:6      | Found a deep blue altar of Sif Muna.
  6813 | D:6      | Killed Eustachio
  6813 | D:6      | Reached *** piety under Vehumet
  6883 | D:7      | Found a sparkling altar of Nemelex Xobeh.
  7295 | D:7      | Noticed Duvessa
  7295 | D:7      | Noticed Dowan
  7303 | D:7      | Killed Dowan
  7309 | D:7      | Killed Duvessa
  7591 | D:7      | Reached skill level 5 in Charms
  7905 | D:7      | Got a wavering copper amulet
  7906 | D:7      | Identified the amulet of Uskayaw's Supremacy {+Blink rC+ Regen+} (You found it on level 7 of the Dungeon)
  8003 | D:7      | Offered knowledge of Sticky Flame by Vehumet.
  8022 | D:7      | Reached XP level 9. HP: 37/57 MP: 6/18
  8067 | D:7      | Noticed Pikel
  8078 | D:7      | Killed Pikel
  8318 | D:7      | You fall through a shaft for 3 floors!
  8318 | D:10     | Entered Level 10 of the Dungeon
  8399 | D:9      | Learned a level 4 spell: Sticky Flame
  8588 | D:9      | Found Raiteh's Armour Shop.
  8652 | D:9      | Found an opulent altar of Gozag.
  8671 | D:8      | Noticed a hand axe
  8675 | D:8      | Noticed a hand axe
  8684 | D:8      | Found a hide-covered altar of Uskayaw.
  8929 | D:8      | Found a sacrificial altar of Ru.
  9030 | D:8      | Reached **** piety under Vehumet
  9551 | D:8      | Noticed Prince Ribbit
  9555 | D:8      | Killed Prince Ribbit
  9555 | D:8      | Offered knowledge of Bolt of Draining by Vehumet.
  9560 | D:8      | Found a blossoming altar of Fedhas.
  9751 | D:8      | Noticed Maurice
  9757 | D:8      | Killed Maurice
  9757 | D:8      | Reached XP level 10. HP: 63/63 MP: 11/24
 10008 | D:9      | Upgraded the game from 0.19-a0-1899-g2d93087 to 0.19-a0-1902-g8424084
 10053 | D:9      | Found a staircase to the Orcish Mines.
 10070 | D:9      | Reached skill level 10 in Spellcasting
 10194 | D:9      | Reached skill level 10 in Conjurations
 10561 | D:9      | Found an iron altar of Okawaru.
 10685 | D:9      | Noticed Grum
 10846 | D:8      | Killed Grum
 10851 | D:8      | Slain by a wolf

Vault maps used:
D:1:      dpeg_arrival_tiny_c, minmay_pentomino_q4
D:2:      mumra_celtic_spiral_tile, old_standard_altar,
          gammafunk_temple_overflow_forgotten, first_bread, hex_intersection
D:3:      ecumenical_altar_2
D:4:      nicolae_overflow_crystal_walls, serial_shops, kennysheep_mini_moat,
          grunt_decor_one_mirror, serial_bayou_ford_a, kennysheep_small_circle
D:5:      lemuel_doored_altar, gup_sewer_entry_bowl
D:6:      lemuel_blue_sif_altar, uniq_menkaure, uniq_eustachio
D:7:      kennysheep_little_box, uniq_pikel, uniq_duvessa
D:8:      dancing_weapons_uskayaw, marbit_many_paths, dk_noncrumbling_4,
          fedhas_altar_1, uniq_prince_ribbit1, uniq_maurice
D:9:      lemuel_coloured_pillars_altar, lemuel_crystal_altar,
          minmay_orc_entry_guard_dogs, serial_shops, nicolae_shop_statue_plus,
          hangedman_pestilent_swarm, uniq_grum
D:10:     lair_0_dummy
Temple:   compressed_dpeg_triangle_lava_temple
Sewer:    sewer_kobolds

Skill      XL: |  1  2  3  4  5  6  7  8  9 10 |
---------------+-------------------------------+-----
Spellcasting   | 3 4 5 9 10 | 10.6
Conjurations   | 5 6 7 9 10 | 10.2
Fighting       | 2 3 |  3.2
Short Blades   | 3 4 |  4.2
Dodging        | 4 |  4.0
Ice Magic      | 2 4 |  4.7
Charms         | 2 5 |  5.0
Stealth        | |  2.1

Action                   |  1- 3 |  4- 6 |  7- 9 | 10-12 || total
-------------------------+-------+-------+-------+-------++-------
Melee: Club              |    13 |       |       |       ||    13
       Short sword       |     2 |    33 |    25 |     1 ||    61
 Cast: Magic Dart        |    71 |   151 |   174 |    13 ||   409
       Searing Ray       |       |    10 |    13 |     9 ||    32
       Sting             |       |     5 |     1 |       ||     6
       Iskenderun's Myst |       |     3 |     5 |     3 ||    11
       Throw Frost       |       |       |    72 |    13 ||    85
       Iskenderun's Batt |       |       |     9 |     5 ||    14
       Sticky Flame      |       |       |       |     1 ||     1
  Use: Scroll            |     4 |     5 |     7 |     2 ||    18
       Potion            |       |     4 |     3 |     4 ||    11
 Stab: Sleeping          |       |       |     2 |       ||     2
  Eat: Chunk             |       |     7 |    13 |       ||    20
       Beef jerky        |       |     2 |       |     2 ||     4
       Pizza             |       |     2 |       |       ||     2
       Meat ration       |       |       |     1 |       ||     1
       Bread ration      |       |       |       |     1 ||     1
Armor: Robe              |    10 |    20 |    30 |    27 ||    87
       Skin              |       |    11 |       |       ||    11
Dodge: Dodged            |    26 |    57 |    95 |    87 ||   265
